 Dungeon Crawl Stone Soup version 0.17-a0-1255-gd996e2d (webtiles) character file.

34 Chiseanne the Skirmisher (level 3, -4/30 HPs)
             Began as a Demonspawn Wanderer on June 6, 2015.
             Slain by Sigmund
             ... wielding a +0 scythe
              (6 damage)
             ... on level 2 of the Dungeon.
             The game lasted 00:04:28 (1482 turns).

Chiseanne the Skirmisher (Demonspawn Wanderer)      Turns: 1482, Time: 00:04:28

Health: -4/30      AC: 13    Str: 11    XL:     3   Next: 14%
Magic:  3/3        EV: 11    Int: 19    God:
Gold:   88         SH:  0    Dex: 13    Spells: 0 memorised, 2 levels left

rFire  . . .     SeeInvis .     a - +3 mace (protect)
rCold  + . .     Clarity  .     g - +0 leather armour
rNeg   . . .     SustAt   .     (no shield)
rPois  .         Gourm    .     o - +0 helmet
rElec  .         Spirit   .     d - +0 cloak
rCorr  .         Warding  .     p - +0 pair of gloves
rMut   .         Stasis   .     (no boots)
MR     .....                    (no amulet)
Stlth  +.........               (no ring)
                                t - ring of protection from cold

@: confused, brilliant, very slightly contaminated, not resistant to hostile
enchantments, very unstealthy
A: thin metallic scales 1
a: no special abilities


You were on level 2 of the Dungeon.
You were not hungry.

You visited 1 branch of the dungeon, and saw 2 of its levels.

You collected 88 gold pieces.

Inventory:

Hand weapons
 a - a +3 mace of protection (weapon)
 m - a +1 whip of venom
Missiles
 l - 18 sling bullets
 n - 17 arrows of frost
Armour
 d - a +0 cloak (worn)
 g - a +0 leather armour (worn)
 o - a +0 helmet (worn)
 p - a +0 pair of gloves (worn)
Jewellery
 t - a ring of protection from cold (left hand)
Scrolls
 b - a scroll of blinking
 c - 3 scrolls of teleportation
 h - a scroll of remove curse
 i - a scroll of immolation
Potions
 e - 2 potions of invisibility
 u - a potion of degeneration {unknown}
Comestibles
 f - 2 bread rations
 j - a beef jerky
 q - a royal jelly
 s - 3 chunks of flesh


   Skills:
 * Level 4.1 Fighting
   Level 2.6 Polearms
 - Level 1.0 Throwing
 * Level 0.8 Dodging
 - Level 1.7 Stealth
   Level 1.0 Evocations


You had 2 spell levels left.
You didn't know any spells.

Dungeon Overview and Level Annotations

Branches:
Dungeon (2/15)

Altars:
The Shining One

Annotations:
D:2 Sigmund


Innate Abilities, Weirdness & Mutations

You are partially covered in thin metallic scales (AC +2).


Message History

You hear some strange, mumbled words.
A magic dart appears from out of thin air!
The magic dart hits you!
* * * LOW HITPOINT WARNING * * *
Drink which item? (? for menu, Esc to quit)
Okay, then.
Something barely misses you.
Drink which item? (? for menu, Esc to quit)
It was a potion of curing.
You feel better. Something hits you. Something hits you but does no damage.
Something hits you. Something hits you!
* * * LOW HITPOINT WARNING * * *
Drink which item? (? for menu, Esc to quit)
It was a potion of brilliance.
You feel clever all of a sudden.
You hear some strange, mumbled words.
You are confused.
You bump into the rock wall.
Something hits you.
You die...

...........#.....###.###### #.
...........#.##### #†## #.
....########.# #..###### ## ....#
#.# ##.†....# ....# ##.#
######.###### ....# #..#
###....... .#.## #.##
###........#
...########.########.....######.#
................@....##########.#
.../...>....##................#.#
..#########.##############...##.#
..#### ..# #####...##.... .....#
..## #.....###...## ..##.# #.#
###.#####....#.. ..# .# #.
###...###...=....# .## ....
#...####.......### ##
#..########..........#######


There were no monsters in sight!

Vanquished Creatures
  2 giant geckos
  6 bats
  4 goblins
  7 hobgoblins
  2 kobolds
  3 ball pythons
  A giant newt (D:1)
  4 rats
29 creatures vanquished.

Notes
Turn   | Place    | Note
--------------------------------------------------------------
     0 | D:1      | Chiseanne the Demonspawn Wanderer began the quest for the Orb.
     0 | D:1      | Chiseanne set off with: a +2 dagger, a scroll of blinking, a scroll of teleportation, a +0 spear, a +0 robe, a bread ration
     0 | D:1      | Reached XP level 1. HP: 18/18 MP: 1/1
   514 | D:1      | Gained mutation: You are partially covered in thin metallic scales (AC +2). [demonic ancestry]
   514 | D:1      | Reached XP level 2. HP: 13/24 MP: 2/2
  1263 | D:2      | Reached skill level 4 in Fighting
  1285 | D:2      | Found a glowing golden altar of the Shining One.
  1315 | D:2      | Reached XP level 3. HP: 26/30 MP: 3/3
  1452 | D:2      | Noticed Sigmund
  1482 | D:2      | Slain by Sigmund

Vault maps used:
D:1:      shiori_arrival_oz, serial_glass, glass_columns_b, glass_columns_a,
          glass_columns_a, glass_columns_b
D:2:      lemuel_doored_altar, uniq_sigmund

Action                   || total
-------------------------++-------
Melee: Dagger            ||    36
       Mace              ||    59
  Use: Scroll            ||     5
       Potion            ||     3
 Stab: Sleeping          ||     4
       Invisible         ||     3
  Eat: Chunk             ||     2
